 Dungeon Crawl Stone Soup version 0.29.1-15-g9cfb28693d (webtiles) character file.

Game seed: 175170691348125850

27704 Eitelfritz the Severer (level 13, -2/106 HPs)
             Began as a Hill Orc Fighter on Apr 25, 2023.
             Was an Elder of Hepliaklqana.
             Slain by a minotaur
             ... wielding the +6 halberd "Dung" {protect, rCorr Dex+3 SInv}
              (24 damage)
             ... in a Gauntlet.
             The game lasted 00:34:40 (18823 turns).

Eitelfritz the Severer (Hill Orc Fighter)          Turns: 18823, Time: 00:34:41

Health: -2/106     AC: 22    Str: 24    XL:     13   Next: 34%
Magic:  5/5        EV: 14    Int:  8    God:    Hepliaklqana [****..]
Gold:   636        SH:  7    Dex: 20    Spells: 12/12 levels left

rFire   . . .      SeeInvis +   a - +6 war axe (antimagic)
rCold   . . .      Faith    .   c - +0 buckler
rNeg    . . .      Spirit   .   I - +5 ring mail of Grace {Dex+4 SInv}
rPois   .          Reflect  .   T - +0 helmet of the Equator {rElec}
rElec   +          Harm     .   (no cloak)
rCorr   .          Rampage  .   y - +1 pair of gloves
Will    .....      NoTele   +   S - +0 pair of boots
Stlth   ++........              (no amulet)
HPRegen 0.27/turn               e - +4 ring of protection
MPRegen 0.09/turn               H - +6 ring of dexterity

@: hasted, very quick
A: reduced essence
a: Renounce Religion, Recall Ancestor, Ancestor Identity, Transference, Idealise


You were in a Gauntlet.
You worshipped Hepliaklqana.
Hepliaklqana was greatly pleased with you.
You visited 2 branches of the dungeon, and saw 14 of its levels.
You also visited: Ossuary and Gauntlet.

You collected 1153 gold pieces.
You spent 517 gold pieces at shops.

Inventory:

Hand Weapons
 a - a +6 antimagic war axe (weapon)
 i - a +0 war axe
 j - a +4 scimitar of flaming
 D - a +1 vorpal flail
 O - the +6 war axe of Xoatheb {venom, *Slow rElec rPois rC+++}
   (You found it on level 10 of the Dungeon)

   It poisons the flesh of those it strikes.
   rC:        It renders you almost immune to cold.
   rElec:     It insulates you from electricity.
   rPois:     It protects you from poison.
   *Slow:     It may slow you when you take damage.
Missiles
 b - a throwing net
 m - 9 poisoned darts (quivered)
 J - 4 boomerangs
Armour
 c - a +0 buckler (worn)
 n - a +2 plate armour of positive energy
 y - a +1 pair of gloves (worn)
 I - the +5 ring mail of Grace (worn) {Dex+4 SInv}
   (You found it on level 9 of the Dungeon)

   Dex:       It affects your dexterity (+4).
   SInv:      It lets you see invisible.
 S - a +0 pair of boots (worn)
 T - the +0 helmet of the Equator (worn) {rElec}
   (You found it in a Gauntlet)

   rElec:     It insulates you from electricity.
Jewellery
 e - a +4 ring of protection (left hand)
 H - a +6 ring of dexterity (right hand)
 R - a ring of see invisible
Wands
 o - a wand of mindburst (21)
 r - a wand of light (2)
 G - a wand of roots (7)
 P - a wand of charming (1)
 Q - a wand of polymorph (3)
Scrolls
 f - 2 scrolls of summoning
 g - a scroll of torment
 k - 2 scrolls of poison
 q - 3 scrolls of amnesia
 s - 3 scrolls of blinking
 t - 9 scrolls of teleportation
 C - 2 scrolls of vulnerability
 K - 2 scrolls of magic mapping
 N - a scroll of fog
Potions
 h - 8 potions of curing
 l - 4 potions of brilliance
 p - 3 potions of attraction
 u - 2 potions of invisibility
 v - 2 potions of flight
 w - a potion of haste
 x - a potion of heal wounds
 z - 3 potions of ambrosia
 A - 2 potions of resistance
 E - 5 potions of lignification
 F - a potion of mutation {unknown}
 M - a potion of berserk rage
Miscellaneous
 d - a piece from Xom's chessboard (15/15)
 L - a condenser vane


   Skills:
 + Level 12.3 Fighting
 + Level 17.5 Axes
 + Level 1.3 Throwing
 + Level 11.4 Armour
 + Level 4.9 Dodging
 + Level 3.5 Stealth
 + Level 8.1 Shields
 + Level 2.4 Unarmed Combat
 * Level 4.5 Invocations
 + Level 0.2 Evocations


You had 12 spell levels left.
You didn't know any spells.
Your spell library contained the following spells:

 Spells                   Type           Power      Damage    Failure   Level
 Apportation              Tloc           0%         N/A       58%         1
 Magic Dart               Conj           0%         1d3       58%         1
 Necrotise                Necr           0%         1d4       58%         1
 Call Imp                 Summ           0%         N/A       75%         2
 Poisonous Vapours        Pois/Air       0%         N/A       75%         2
 Frozen Ramparts          Ice            0%         1d1       92%         3
 Gell's Gravitas          Tloc           0%         N/A       92%         3
 Inner Flame              Hex/Fire       0%         N/A       92%         3
 Mephitic Cloud           Conj/Pois/Air  0%         N/A       92%         3
 Stone Arrow              Conj/Erth      0%         3d7       92%         3
 Teleport Other           Tloc           0%         N/A       92%         3
 Tukima's Dance           Hex            0%         N/A       92%         3
 Vampiric Draining        Necr           0%         2d6       92%         3
 Animate Armour           Summ/Erth      0%         N/A       100%        4
 Cause Fear               Hex            0%         N/A       100%        4
 Corpse Rot               Necr/Pois/Air  0%         N/A       100%        4
 Ice Form                 Ice/Tmut       0%         N/A       100%        4
 Leda's Liquefaction      Hex/Erth       0%         N/A       100%        4
 Passage of Golubria      Tloc           0%         N/A       100%        4
 Summon Ice Beast         Ice/Summ       0%         N/A       100%        4
 Agony                    Necr           0%         N/A       100%        5
 Alistair's Intoxication  Tmut/Pois      0%         N/A       100%        5
 Lee's Rapid Deconstruct  Erth           0%         3d5*      100%        5
 Yara's Violent Unravell  Hex/Tmut       0%         3d3       100%        5
 Dispersal                Tloc           0%         N/A       100%        6
 Statue Form              Tmut/Erth      0%         N/A       100%        6
 Discord                  Hex            0%         N/A       100%        8
 Lehudib's Crystal Spear  Conj/Erth      0%         10d2      100%        8


Dungeon Overview and Level Annotations

Branches:
Dungeon (13/15)            Temple (1/1) D:5            Lair (0/5) D:11
    Orc (0/2) D:10        Ossuary (visited)         Gauntlet (1/1)
 Vaults: D:13-14

Altars:
Ashenzari
Cheibriados
Dithmenos
Elyvilon
Fedhas
Gozag
Hepliaklqana
Kikubaaqudgha
Makhleb
Nemelex Xobeh
Okawaru
Qazlal
Ru
Sif Muna
Trog
Uskayaw
Vehumet
Wu Jian
Xom
Yredelemnul
Zin
The Shining One
Jiyva
Lugonu

Shops:
D:3 ?   D:6 *   D:11 :

Annotations:
D:8 3 runed translucent doors, infcreate's ghost, novice DEHu Gauntlet 16 runed translucent doors, 10 transporters, exclusion: obsidian statue


Message History

Aylmer hits the minotaur zombie with a +0 quarterstaff!
The minotaur hits you with the +6 halberd "Dung" {protect, rCorr Dex+3 SInv}.
* * * LOW HITPOINT WARNING * * *
The minotaur closely misses you.
You slash the minotaur zombie!
The minotaur zombie is almost destroyed.
You slash the minotaur! You hit the minotaur zombie.
The minotaur zombie closely misses you. The minotaur zombie barely misses you.
The minotaur zombie hits you!
* * * LOW HITPOINT WARNING * * *
The minotaur zombie gores you.
* * * LOW HITPOINT WARNING * * *
You feel much better.
Aylmer hits the minotaur zombie with a +0 quarterstaff!
The minotaur completely misses you. The minotaur gores you!
* * * LOW HITPOINT WARNING * * *
You feel much better. The minotaur zombie hits you.
The minotaur zombie gores you but does no damage.
The minotaur zombie hits Aylmer!!
The minotaur zombie barely misses Aylmer.
Aylmer hits the minotaur zombie with a +0 quarterstaff!
The minotaur zombie is destroyed!
The minotaur hits you with the +6 halberd "Dung" {protect, rCorr Dex+3 SInv}!!
* * * LOW HITPOINT WARNING * * *
You block the minotaur's attack.
You feel much better. The minotaur zombie hits you.
You block the minotaur zombie's attack.
Unknown command.
You slice the minotaur zombie!!
You destroy the minotaur zombie!
You hit the minotaur but do no damage.
The minotaur hits you with the +6 halberd "Dung" {protect, rCorr Dex+3 SInv}!!
* * * LOW HITPOINT WARNING * * *
The minotaur gores you!
* * * LOW HITPOINT WARNING * * *
You feel much better.
You hit the minotaur but do no damage.
The minotaur is moderately wounded.
The minotaur hits you with the +6 halberd "Dung" {protect, rCorr Dex+3 SInv}!!
You die...

###+## ###..⌠.#
#.'⌠...###
#..H⌠'.# #.∩R@#
###.##
######'#######
#.............#
#.###.###.###.#
#.......R.....#
###.###.###.###
###.###.###.#####
§...............≈#


You could see the friendly Aylmer the battlemage and a minotaur (ally target).

Vanquished Creatures
  2 centaur warriors (D:10)
  2 two-headed ogres
  3 death yaks (D:11)
  A sun demon (D:12)
  Amaemon (D:10)
  The ghost of unic0rned the Shield-Bearer, a novice MiFi of Okawaru (D:5)
  A necromancer (Gauntlet)
  An ugly thing (D:11)
  The ghost of vvl the Sneak, a novice KoBr (D:5)
  The ghost of ciphuk the Slicer, a novice KoBr (D:5)
  A rust devil (D:12)
  The ghost of kwasso the Chopper, a novice PaFi (D:5)
  An orange demon (D:10)
  3 gargoyles
  A minotaur zombie (Gauntlet)
  Psyche (D:9)
  An efreet (Gauntlet)
  A freezing wraith (D:13)
  A red devil (D:12)
  A tengu conjurer (D:9)
  A hornet (D:9)
  3 trolls
  2 meliai (Gauntlet)
  A slime creature (D:11)
  5 shadows
  17 yaks
  A wyvern (D:9)
  A wraith (D:11)
  2 vampires
  A fire elemental (Gauntlet)
  Grum (D:9)
  2 chaos spawn (D:12)
  2 steam dragons
  5 vampire mosquitoes
  Edmund (D:5)
  A water moccasin (D:7)
  A hell hound (Gauntlet)
  2 ice beasts
  2 ogres
  An orc warrior (D:6)
  5 black bears
  6 wolves
  A centaur (D:6)
  5 phantoms
  A kobold brigand (D:7)
  4 bullfrogs
  2 gnoll sergeants
  5 scorpions (D:5)
  Dowan (D:7)
  5 wights
  2 troll zombies (D:10)
  5 killer bees
  2 howler monkeys
  A lava snake (D:8)
  12 orc priests
  3 hounds (D:5)
  4 iguanas
  Jessica (D:3)
  Terence (D:3)
  10 orc wizards
  3 ogre zombies (D:10)
  9 mummies
  6 adders
  21 gnolls
  2 river rats (D:11)
  3 shadow imps
  3 white imps
  3 dart slugs
  3 worms
  26 orcs
  7 bats
  6 endoplasms
  A giant cockroach (D:2)
  A gnoll zombie (Ossuary)
  6 goblins
  4 hobgoblins
  6 jackals (D:1)
  12 kobolds
  3 quokkas
  6 ball pythons
  5 frilled lizards
  A goblin zombie (D:5)
  A hobgoblin skeleton (D:10)
  4 hobgoblin zombies
  2 kobold zombies (Ossuary)
  An orc skeleton (D:10)
  12 orc zombies
  10 rats
321 creatures vanquished.

Vanquished Creatures (collateral kills)
  A soul eater (D:12)
  A cyclops (D:13)
  2 unseen horrors (D:12)
  A minotaur zombie (Gauntlet)
  A hellwing (D:12)
  A troll (D:11)
  A hornet (D:9)
  A meliai (Gauntlet)
  2 slime creatures (D:11)
  8 yaks
  A wraith (D:11)
  2 fire elementals (Gauntlet)
  2 vampire mosquitoes (D:12)
  An acid dragon (D:11)
  2 hell hounds (Gauntlet)
  Duvessa (D:7)
  2 wolves
  A howler monkey (D:11)
  An electric eel (D:13)
  A gnoll bouda (D:8)
  An orc wizard (D:12)
  2 hell rats (D:11)
  An ogre zombie (D:10)
  3 gnolls (D:11)
  A goblin zombie (D:10)
  A hobgoblin skeleton (D:10)
  2 orc skeletons (D:10)
  3 orc zombies (D:10)
  A rat (D:11)
48 creatures vanquished.

Vanquished Creatures (others)
  A battlemage (D:11)
  6 ancestors
  22 demonic plants (Gauntlet)
  2 withered plants (D:5)
31 creatures vanquished.

Grand Total: 400 creatures vanquished

Notes
Turn   | Place    | Note
-------+----------+-------------------------------------------
     0 | D:1      | Eitelfritz the Hill Orc Fighter began the quest for the
                  | Orb.
     0 | D:1      | Reached XP level 1. HP: 19/19 MP: 1/1
    62 | D:1      | Reached XP level 2. HP: 21/27 MP: 2/2
   222 | D:1      | Reached skill level 3 in Axes
   483 | D:1      | Reached XP level 3. HP: 21/33 MP: 3/3
   951 | D:2      | Found a faded altar of an unknown god.
  1013 | D:2      | Reached XP level 4. HP: 40/41 MP: 4/4
  1334 | D:2      | Reached skill level 4 in Axes
  1830 | D:3      | Found Zoteewof's Magic Scroll Shoppe.
  2204 | D:3      | Reached XP level 5. HP: 37/47 MP: 1/5
  2305 | D:3      | Reached skill level 5 in Fighting
  2480 | D:3      | Noticed Jessica
  2482 | D:3      | Killed Jessica
  2767 | D:3      | Noticed Terence
  2775 | D:3      | Killed Terence
  2927 | D:3      | Bought a scroll of identify for 26 gold pieces
  2927 | D:3      | Bought a scroll of identify for 26 gold pieces
  2927 | D:3      | Bought a scroll of noise for 13 gold pieces
  3142 | D:4      | Reached skill level 5 in Axes
  3196 | D:4      | Found a glowing silver altar of Zin.
  3244 | D:4      | Reached XP level 6. HP: 48/56 MP: 2/6
  3609 | D:4      | Noticed a black bear
  3620 | D:4      | Killed a black bear
  3863 | D:4      | Reached skill level 6 in Axes
  3941 | D:3      | Bought a scroll of teleportation for 39 gold pieces
  3941 | D:3      | Bought a scroll of blinking for 97 gold pieces
  3997 | D:5      | Entered Level 5 of the Dungeon
  4071 | D:5      | Reached skill level 5 in Armour
  4073 | D:5      | Reached XP level 7. HP: 39/61 MP: 2/7
  4110 | D:5      | Reached skill level 1 in Dodging
  4243 | D:5      | Found a staircase to the Ecumenical Temple.
  4257 | Temple   | Entered the Ecumenical Temple
  4449 | Temple   | Became a worshipper of Hepliaklqana the Forgotten
  4561 | D:5      | Found a bloodstained altar of Trog.
  4612 | D:5      | Found a sand-covered staircase.
  4615 | D:5      | Reached skill level 7 in Axes
  4619 | Ossuary  | Entered an ossuary
  4871 | Ossuary  | Reached XP level 8. HP: 67/70 MP: 2/8
  5011 | D:5      | Reached skill level 8 in Axes
  5210 | D:5      | Found a runed translucent gate.
  5210 | D:5      | Found a runed translucent gate.
  5210 | D:5      | Found a runed translucent gate.
  5210 | D:5      | Noticed ciphuk's ghost (novice KoBr)
  5210 | D:5      | Noticed unic0rned's ghost (novice MiFi)
  5211 | D:5      | Noticed kwasso's ghost (novice PaFi)
  5211 | D:5      | Noticed vvl's ghost (novice KoBr)
  5526 | D:5      | Reached skill level 1 in Stealth
  5662 | D:5      | Found a white marble altar of Elyvilon.
  5662 | D:5      | Found a burning altar of Makhleb.
  5662 | D:5      | Found a blossoming altar of Fedhas.
  5662 | D:5      | Found an ornate altar of the Wu Jian Council.
  5670 | D:5      | Found a shimmering blue altar of Sif Muna.
  5670 | D:5      | Noticed Edmund
  5689 | D:5      | Killed Edmund
  5690 | D:5      | Reached skill level 9 in Axes
  5963 | D:5      | Found a broken altar of Ashenzari.
  6487 | D:5      | Reached XP level 9. HP: 69/79 MP: 3/9
  6586 | D:5      | Reached skill level 10 in Axes
  6808 | D:3      | Bought a scroll of summoning for 123 gold pieces
  6808 | D:3      | Bought a scroll of vulnerability for 52 gold pieces
  7353 | D:6      | Reached skill level 5 in Shields
  7880 | D:6      | Found Ewer's Assorted Antiques.
  7888 | D:6      | Bought a scroll labelled ITEMMI YNNOGOGAH for 25 gold
                  | pieces
  7888 | D:6      | Bought a black potion for 22 gold pieces
  7888 | D:6      | Bought a sapphire potion for 22 gold pieces
  7888 | D:6      | Bought a scroll labelled GUZ LEASME for 25 gold pieces
  7888 | D:6      | Bought a scroll labelled KEMEOLUINI for 25 gold pieces
  7888 | D:6      | Bought a black potion for 22 gold pieces
  7951 | D:6      | Reached skill level 11 in Axes
  8037 | D:6      | Found an opulent altar of Gozag.
  8494 | D:6      | Reached * piety under Hepliaklqana
  9697 | D:7      | Reached skill level 12 in Axes
  9697 | D:7      | Reached XP level 10. HP: 79/79 MP: 3/10
 10031 | D:7      | Noticed Duvessa
 10032 | D:7      | Noticed Dowan
 10034 | D:7      | Killed Duvessa
 10040 | D:7      | Killed Dowan
 10461 | D:7      | Reached skill level 13 in Axes
 10876 | D:8      | Noticed a two-headed ogre
 10888 | D:8      | Killed a two-headed ogre
 11195 | D:8      | Reached skill level 14 in Axes
 11217 | D:8      | Reached XP level 11. HP: 59/87 MP: 3/11
 11491 | D:8      | Found a basalt altar of Yredelemnul.
 11491 | D:8      | Found an iron altar of Okawaru.
 11692 | D:8      | Found a runed translucent gate.
 11692 | D:8      | Found a runed translucent gate.
 11692 | D:8      | Found a runed translucent gate.
 11898 | D:8      | Found a viscous altar of Jiyva.
 11898 | D:8      | Noticed infcreate's ghost (novice DEHu)
 12054 | D:5      | Killed ciphuk's ghost
 12074 | D:5      | Killed kwasso's ghost
 12076 | D:5      | Killed unic0rned's ghost
 12084 | D:5      | Killed vvl's ghost
 12085 | D:5      | Reached skill level 10 in Armour
 12434 | D:9      | Noticed Grum
 12443 | D:9      | Reached skill level 15 in Axes
 12448 | D:9      | Killed Grum
 12497 | D:9      | Noticed Psyche
 12498 | D:9      | Reached ** piety under Hepliaklqana
 12505 | D:9      | Killed Psyche
 12645 | D:9      | Identified the +5 ring mail of Grace {Dex+4 SInv}
 12671 | D:9      | Noticed a two-headed ogre
 12687 | D:9      | Killed a two-headed ogre
 12997 | D:9      | Remembered your ancestor Aylmer as a battlemage
 13004 | D:9      | Reached skill level 1 in Throwing
 13111 | D:9      | Found a snail-covered altar of Cheibriados.
 13112 | D:9      | Found a glowing golden altar of the Shining One.
 13166 | D:9      | Reached skill level 10 in Fighting
 13505 | D:10     | Entered Level 10 of the Dungeon
 13511 | D:10     | Identified the +6 war axe of Xoatheb {venom, *Slow rElec
                  | rPois rC+++}
 13666 | D:10     | Reached skill level 16 in Axes
 13717 | D:10     | Found a staircase to the Orcish Mines.
 13845 | D:10     | Reached XP level 12. HP: 95/95 MP: 4/12
 13966 | D:10     | Noticed a centaur warrior
 13977 | D:10     | Killed a centaur warrior
 14311 | D:10     | Reached *** piety under Hepliaklqana
 14389 | D:10     | Noticed a centaur warrior
 14399 | D:10     | Killed a centaur warrior
 14582 | D:10     | Noticed Amaemon
 14600 | D:10     | Killed Amaemon
 14969 | D:11     | Reached skill level 1 in Unarmed Combat
 15401 | D:11     | Noticed a death yak
 15403 | D:11     | Found a staircase to the Lair.
 15404 | D:11     | Noticed a death yak
 15404 | D:11     | Noticed a death yak
 15447 | D:11     | Killed a death yak
 15451 | D:11     | Killed a death yak
 15463 | D:11     | Killed a death yak
 15464 | D:11     | Reached skill level 17 in Axes
 15734 | D:11     | Found Suakejoh's Self-Improvement Boutique.
 16100 | D:12     | Reached **** piety under Hepliaklqana
 16157 | D:12     | Reached skill level 1 in Invocations
 16473 | D:12     | Noticed a sun demon
 16474 | D:12     | Noticed a soul eater
 16489 | D:12     | Killed a soul eater
 16491 | D:12     | Reached XP level 13. HP: 73/105 MP: 4/14
 17516 | D:13     | Found a gate leading to a gauntlet.
 17532 | Gauntlet | Entered a Gauntlet
 17532 | Gauntlet | Found a large runed translucent door.
 17532 | Gauntlet | Found a large runed translucent door.
 17532 | Gauntlet | Found a large runed translucent door.
 17532 | Gauntlet | Found a large runed translucent door.
 17532 | Gauntlet | Found a large runed translucent door.
 17532 | Gauntlet | Found a large runed translucent door.
 17532 | Gauntlet | Found a runed translucent door.
 17532 | Gauntlet | Found a transporter.
 17532 | Gauntlet | Found a transporter.
 17532 | Gauntlet | Found a runed translucent door.
 17532 | Gauntlet | Found a large runed translucent door.
 17532 | Gauntlet | Found a large runed translucent door.
 17532 | Gauntlet | Found a large runed translucent door.
 17532 | Gauntlet | Found a large runed translucent door.
 17532 | Gauntlet | Found a large runed translucent door.
 17532 | Gauntlet | Found a large runed translucent door.
 17536 | Gauntlet | Found a transporter.
 17536 | Gauntlet | Found a transporter.
 17537 | Gauntlet | Found a large runed translucent door.
 17537 | Gauntlet | Found a large runed translucent door.
 17537 | Gauntlet | Found a large runed translucent door.
 17537 | Gauntlet | Found a large runed translucent door.
 17541 | Gauntlet | Found a runed translucent gate.
 17541 | Gauntlet | Found a runed translucent gate.
 17541 | Gauntlet | Found a runed translucent gate.
 17552 | Gauntlet | Found a transporter.
 17556 | Gauntlet | Found a transporter.
 17556 | Gauntlet | Found a transporter.
 17580 | Gauntlet | Found a transporter.
 17587 | Gauntlet | Found a transporter.
 17599 | Gauntlet | Found a transporter.
 17619 | Gauntlet | Found a transporter.
 17629 | Gauntlet | Found a transporter.
 17675 | Gauntlet | Found a transporter.
 17691 | Gauntlet | Found a transporter.
 17701 | Gauntlet | Reached ***** piety under Hepliaklqana
 17794 | Gauntlet | Found a transporter.
 17815 | Gauntlet | Found a transporter.
 18546 | Gauntlet | Identified the +0 helmet of the Equator {rElec}
 18801 | Gauntlet | Identified the +6 halberd "Dung" {protect, rCorr Dex+3
                  | SInv}
 18801 | Gauntlet | Noticed a minotaur
 18821 | Gauntlet | HP: 2/106 [minotaur/the +6 halberd "Dung" {protect, rCorr
                  | Dex+3 SInv} (9)]
 18823 | Gauntlet | Slain by a minotaur

Illustrated notes

Levels and vault maps discovered:
D:1:      roderic_dead_forest, layout_rooms
D:2:      layout_basic, hellmonk_ecumenical_altar_prayer_group
D:3:      minmay_inner_zag, layout_basic, serial_shops, nicolae_shop_waterfront,
          uniq_jessica, uniq_terence
D:4:      layout_basic, mainiacjoe_overflow_surrounded_room
D:5:      minmay_octagon_keep, layout_loops_ring, minmay_overflow_temple_hex,
          trog_ov_bears_minmay, minmay_temple_entry_poolview,
          gammafunk_ghost_cemetery, nicolae_ossuary_entry_giza, uniq_edmund
D:6:      layout_basic, lemuel_tele_altar, serial_shops,
          nicolae_shop_hallway_stairs
D:7:      layout_cave_pods, uniq_duvessa
D:8:      layout_cave_pools, nicolae_overflow_two_pavilions,
          gammafunk_ghost_ooze, kennysheep_small_spiral
D:9:      layout_irregular_city, mainiacjoe_overflow_divided_tiny,
          patterned_corridor, uniq_psyche, uniq_grum
D:10:     layout_stronghold, zombieorc1_lemuel, uniq_amaemon
D:11:     layout_long_grid, dpeg_lair_monsters, nicolae_shop_self_help
D:12:     layout_grid_maze, serial_demonic, serial_demonic_a, serial_demonic_f,
          serial_demonic_d, serial_demonic_e, drop_trap, nicolae_eternal_life
D:13:     layout_basic, gauntlet_entry_generic, uniq_nessos
Temple:   corrupted_temple
Gauntlet: gammafunk_gauntlet_branching
          [minmay_gauntlet_arena_make_your_own_arena,
          gammafunk_gauntlet_arena_teeth, gammafunk_gauntlet_arena_crates,
          gammafunk_gauntlet_arena_split_x, gammafunk_gauntlet_arena_grid,
          gammafunk_gauntlet_arena_chambers, gammafunk_gauntlet_arena_hedges,
          nicolae_gauntlet_arena_quarters, gauntlet_exit_hidden_loot]

Skill      XL: |  1  2  3  4  5  6  7  8  9 10 11 12 13 |
---------------+----------------------------------------+-----
Axes           | 3 4 5 6 7 9 12 14 16 17 | 17.5
Fighting       | 4 5 6 7 8 9 10 11 12 | 12.3
Armour         | 4 5 6 7 9 10 11 | 11.4
Dodging        | 1 2 3 4 |  4.9
Shields        | 4 5 6 7 8 |  8.1
Stealth        | 1 3 |  3.5
Throwing       | 1 |  1.3
Unarmed Combat | 2 |  2.4
Invocations    | 2 4 |  4.5
Evocations     | |  0.2

Action                   |  1- 3 |  4- 6 |  7- 9 | 10-12 | 13-15 || total
-------------------------+-------+-------+-------+-------+-------++-------
Melee: War axe           |    88 |   136 |   329 |   459 |    70 ||  1082
       Unarmed           |       |       |       |    18 |       ||    18
Throw: Dart              |       |       |       |    10 |       ||    10
Invok: Recall Ancestor   |       |       |       |     2 |       ||     2
       Ancestor Life: Ba |       |       |       |     1 |       ||     1
Evoke: Wand              |       |       |     1 |     1 |       ||     2
  Use: Scroll            |       |     3 |    16 |     4 |     3 ||    26
       Potion            |       |     1 |     1 |     4 |     5 ||    11
 Stab: Distracted        |       |       |     1 |     3 |     1 ||     5
       Sleeping          |       |       |       |     1 |       ||     1
Armor: Scale mail        |    58 |    73 |    68 |       |       ||   199
       Chain mail        |       |       |    59 |       |       ||    59
       Plate armour      |       |       |    14 |   114 |       ||   128
       Ring mail         |       |       |       |    92 |    51 ||   143
       Skin              |       |       |       |     5 |       ||     5
Dodge: Dodged            |    46 |    73 |   154 |   204 |    55 ||   532
Block: Buckler           |    21 |    23 |    73 |   130 |    26 ||   273
